Cogmind - Beta 16 @@@ ROGUE MODE // 2025.11.14 @ 02:26:09 Player: FAQ Result: Destroyed by BP-2SU(j) with Overtuned Pulse Rifle Performance ------------- Evolutions (0) 0 Regions Visited (3) 600 Robots Destroyed (8) 40 Value Destroyed (99) 99 Prototype IDs (7) 140 Alien Tech Used (0) 0 Bonus (800) 800 TOTAL SCORE: 1679 Bonus ------- Registered with UFD 300 Met Optimus in HQ 500 Cogmind --------- Core Integrity 0/250 Matter 290/300 Energy 84/100 System Corruption 0% Temperature Warm (127) Movement Walking (120) Location -7/Scraptown Parts ------- > --- POWER (1) -------- (None) > --- PROPULSION (2) --- Carbon-fiber Leg > --- UTILITY (2) ------ Small Storage Unit Seismic Detector > --- WEAPON (2) ------- Companion Sword Makeshift Spear > --- INVENTORY (8) ---- Light Treads Cesium-ion Thruster Xenon Bombardment Thruster Large Storage Unit Improved Medium Armor Plating A0-MCA's Component Scanner Heavy Laser Grenade Launcher Peak State ------------ > --- POWER ------------ Ion Engine > --- PROPULSION ------- Light Treads Advanced Treads > --- UTILITY ---------- Small Storage Unit Seismic Detector > --- WEAPON ----------- Heavy Laser Companion Sword > --- INVENTORY -------- Cesium-ion Thruster Xenon Bombardment Thruster Large Storage Unit Improved Medium Armor Plating A0-MCA's Component Scanner Grenade Launcher [Rating: 19] Favorites ----------- Power Ion Engine Engine Ion Engine Propulsion Light Treads Treads Light Treads Leg Aluminum Leg Flight Unit Xenon Bombardment Thruster Utility Small Storage Unit Device Seismic Detector Storage Small Storage Unit Weapon Medium Laser Energy Gun Medium Laser Ballistic Gun Light Assault Rifle Slashing Weapon Companion Sword Piercing Weapon Makeshift Spear Build | -11 -10 -10 -7 ------- Run | Yrd Mat Sub Scr Slots Evolved . | . . . . Power . | . . . . Propulsion . | . . . . Utility . | . . . . Weapon . | . . . . Parts Attached 18 | 7 1 . 10 Power 1 | . 1 . . Engine 1 | . 1 . . Core . | . . . . Reactor . | . . . . Propulsion 9 | 2 . . 7 Treads 3 | 2 . . 1 Leg 3 | . . . 3 Wheel . | . . . . Hover . | . . . . Flight 3 | . . . 3 Utility 2 | 2 . . . Device 1 | 1 . . . Storage 1 | 1 . . . Processor . | . . . . Hackware . | . . . . Protection . | . . . . Artifact . | . . . . Weapon 6 | 3 . . 3 Energy Gun 3 | 2 . . 1 Energy Cannon . | . . . . Ballistic Gun 1 | 1 . . . Ballistic Cannon . | . . . . Launcher . | . . . . Special Weapon . | . . . . Impact Weapon . | . . . . Slashing Weapon 1 | . . . 1 Piercing Weapon 1 | . . . 1 Special Melee Weapon . | . . . . Unidentified Prototypes 1 | . . . 1 Parts Lost 3 | . . . 3 Power 1 | . . . 1 Propulsion 2 | . . . 2 Utility . | . . . . Weapon . | . . . . Highest Loss Streak 3 | . . . 3 To Critical Strikes . | . . . . Average Backups 6 | 3 4 4 6 Power . | . . . . Propulsion 2 | 1 2 2 2 Utility . | . . . 1 Weapon 2 | . 1 2 2 Tool/Special . | . . . . Unused Backups 9 | . . . 9 Power . | . . . . Propulsion 3 | . . . 3 Utility 3 | . . . 3 Weapon 3 | . . . 3 Tool/Special . | . . . . Average Slot Usage (%) 93 | . 97 100 91 Engine 13 | . 11 14 14 Treads 19 | . 28 28 17 Leg 2 | . . . 2 Flight 5 | . . . 7 Device 14 | . 14 14 14 Storage 14 | . 14 14 14 Energy Gun 18 | . 28 28 16 Slashing Weapon 2 | . . . 2 Peak Build Rating 19 | 6 7 7 19 Average Rating 9 | 4 6 7 10 On Entrance 5 | . 6 7 7 Avg Prop Armor Cover (%) 4 | . . . 4 Naked Turns . | . . . . Heaviest Build 19 | 9 14 14 19 Greatest Support 42 | 40 40 40 42 Greatest Overweight (x) 2 | . . . 2 Average Overweight (x) . | . . . . Largest Inventory Capacity 8 | 8 8 8 8 Average Capacity 7 | 7 8 8 8 Most Carried 8 | 4 5 4 8 Average Carried 6 | 3 4 4 7 Final Capacity 8 | 8 8 8 8 Final Carried 8 | 4 4 4 8 Class Distribution -------------------- 93% | Mutant 6% | Scavenger-Mutant Dominant Class ---------------- Mutant | -10/Materials Mutant | -10/Subcaves Mutant | -7/Scraptown Resources | -11 -10 -10 -7 ----------- Run | Yrd Mat Sub Scr Matter Collected 411 | 271 20 . 120 Remotely . | . . . . Salvage Created 283 | 175 43 . 65 Parts 20 | 13 4 . 3 Haulers Intercepted . | . . . . Recyclers Shooed . | . . . . Parts Field Recycled . | . . . . Retrieved Matter . | . . . . Parts Self-Destructed 4 | . . 4 . Prevented . | . . . . Parts Restored . | . . . . Kills | -11 -10 -10 -7 ------- Run | Yrd Mat Sub Scr Combat Hostiles Destroyed 1 | . . . 1 Melee 1 | . . . 1 Classes Destroyed 6 | 3 2 . 1 Worker 1 | 1 . . . Builder 1 | . 1 . . Tunneler 3 | 3 . . . Recycler 1 | 1 . . . Watcher 1 | . 1 . . Thug 1 | . . . 1 Best Kill Streak 5 | 5 2 . 1 Combat Bots Only 1 | . . . 1 Max Kills in Single Turn 1 | 1 1 . 1 Gunslinging . | . . . . Exploded . | . . . . Melee 1 | . . . 1 Uniques/NPCs Destroyed . | . . . . Combat | -11 -10 -10 -7 -------- Run | Yrd Mat Sub Scr Hostile Shots Fired 50 | . 2 . 48 Missed 18 | . . . 18 Hits 32 | . 2 . 30 Projectile 32 | . 2 . 30 Critical Strikes 6 | . . . 6 Damage Taken 621 | . 21 . 600 Core 265 | . 11 . 254 Absorbed by Shields . | . . . . Core Remaining (%) 100 | 100 . . . Volleys Fired 17 | 11 3 . 3 Largest 2 | 2 2 . 1 Hottest 90 | 70 90 . 69 Shots Fired 31 | 22 6 . 3 Gun 31 | 22 6 . 3 Cannon . | . . . . Launcher . | . . . . Special . | . . . . Kinetic 11 | 11 . . . Thermal 20 | 11 6 . 3 Explosive . | . . . . Electromagnetic . | . . . . Robot Hit Streak 6 | 6 3 . 2 Robot Miss Streak 1 | 1 1 . 1 Penetration Max . | . . . . Secondary Targets . | . . . . Shots Hit Robots 21 | 15 3 . 3 Core Hits 9 | 6 2 . 1 Critical Kills . | . . . . Critical Parts Destroyed . | . . . . Critical Strikes . | . . . . Melee Attacks 2 | . . . 2 Impact . | . . . . Slashing 2 | . . . 2 Piercing . | . . . . Sneak Attacks . | . . . . Combat Hostiles . | . . . . Follow-up Attacks . | . . . . Damage Inflicted 277 | 159 36 . 82 Guns 232 | 159 36 . 37 Cannons . | . . . . Explosions . | . . . . Melee 45 | . . . 45 Ramming . | . . . . Kinetic 59 | 59 . . . Thermal 173 | 100 36 . 37 Explosive . | . . . . Electromagnetic . | . . . . Impact . | . . . . Slashing 45 | . . . 45 Piercing . | . . . . Highest Corruption . | . . . . Average Corruption . | . . . . Corruption Purged . | . . . . Corruption Blocked . | . . . . Overload Shots . | . . . . Overflow Damage . | . . . . Projectiles . | . . . . Explosions . | . . . . Melee . | . . . . Knockbacks . | . . . . Impact . | . . . . Kinetic . | . . . . Secondary . | . . . . Self-Inflicted Damage . | . . . . Shots . | . . . . Rammed . | . . . . Targets Rammed . | . . . . Kicked . | . . . . Crushed . | . . . . Highest Temperature 141 | 20 60 . 141 Average Temperature 30 | 15 28 . 46 Received Heat Transfer 441 | . 12 . 429 Siege Activations . | . . . . Martial Activations . | . . . . Shielding Activations . | . . . . Robots Disrupted . | . . . . Combat Hostiles . | . . . . Robots Corrupted . | . . . . Combat Hostiles . | . . . . Parts Fried . | . . . . Impact Corruptions . | . . . . Robots Melted . | . . . . Combat Hostiles . | . . . . Parts Melted 2 | 2 . . . Heat Transferred 445 | 296 99 . 50 Parts Sabotaged . | . . . . Parts Stolen . | . . . . Parts Stripped . | . . . . Power Chain Reactions . | . . . . Alert | -11 -10 -10 -7 ------- Run | Yrd Mat Sub Scr Maximum Alert Level . | . . . . Low Security (%) 100 | 100 100 . . Level 1 . | . . . . Level 2 . | . . . . Level 3 . | . . . . Level 4 . | . . . . Level 5 . | . . . . High Security . | . . . . Max Security . | . . . . Peak Influence 10 | 10 7 . . Initial . | . . . . Average 1 | 1 . . . Influence Increases 37 | 25 12 . . Destroy 0b10 Robot/NC 35 | 25 10 . . Destroy Leader 2 | . 2 . . Influence Decreases 37 | 25 12 . . Time Decay 37 | 25 12 . . Squads Dispatched . | . . . . Investigation . | . . . . Extermination . | . . . . Reinforcement . | . . . . Assault . | . . . . Garrison . | . . . . Intercept . | . . . . Searches Triggered . | . . . . Construction Impeded . | . . . . Haulers Reinforced . | . . . . Active Scanning Responses . | . . . . Cargo Convoy Interrupts . | . . . . Stealth | -11 -10 -10 -7 --------- Run | Yrd Mat Sub Scr Distress Signals . | . . . . Communications Jammed . | . . . . Distress Signals . | . . . . Times Spotted 23 | . 3 2 18 Peak Tracking Total 8 | . 2 2 8 Tactical Retreats . | . . . . Traps | -11 -10 -10 -7 ------- Run | Yrd Mat Sub Scr Traps Triggered . | . . . . Indirectly . | . . . . Trap Hack Attempts . | . . . . Triggered . | . . . . Disarmed . | . . . . Reprogrammed . | . . . . Reused . | . . . . Traps Extracted . | . . . . Installed . | . . . . Triggered . | . . . . Machines | -11 -10 -10 -7 ---------- Run | Yrd Mat Sub Scr Machines Disabled . | . . . . Max in Single Turn . | . . . . Machines Repaired . | . . . . Machines Dismantled . | . . . . Machines Sabotaged . | . . . . Overloaded Fab Kills . | . . . . Hacking | -11 -10 -10 -7 --------- Run | Yrd Mat Sub Scr Machines Accessed 7 | . . . 7 Terminals . | . . . . Fabricators . | . . . . Repair Stations . | . . . . Recycling Units . | . . . . Scanalyzers . | . . . . Garrison Access . | . . . . Total Hacks 40 | . . . 40 Successful 40 | . . . 40 Failed . | . . . . Catastrophic . | . . . . Database Lockouts . | . . . . Manual . | . . . . Terminals . | . . . . Fabricators . | . . . . Repair Stations . | . . . . Recycling Units . | . . . . Scanalyzers . | . . . . Garrison Access . | . . . . Terminal Hacks 40 | . . . 40 Record 38 | . . . 38 Open Door 1 | . . . 1 Proto ID Catalog 1 | . . . 1 Fabricator Hacks . | . . . . Repair Station Hacks . | . . . . Recycling Unit Hacks . | . . . . Scanalyzer . | . . . . Garrison Access Hacks . | . . . . Unauthorized Hacks . | . . . . Terminals . | . . . . Fabricators . | . . . . Repair Stations . | . . . . Recycling Units . | . . . . Scanalyzers . | . . . . Garrison Access . | . . . . Data Cores Recovered . | . . . . Used . | . . . . Hacking Detections . | . . . . Full Trace Events . | . . . . Feedback Events . | . . . . Feedback Blocked . | . . . . Robot Schematics Acquired . | . . . . Robots Built . | . . . . Authchips . | . . . . Time . | . . . . Total Robot Build Rating . | . . . . Part Schematics Acquired . | . . . . Parts Built . | . . . . Authchips . | . . . . Time . | . . . . Total Part Build Rating . | . . . . Part Studies Acquired . | . . . . Parts Repaired . | . . . . Time . | . . . . Parts Recycled . | . . . . Recycled Matter . | . . . . Retrieved Matter . | . . . . Retrieved Components . | . . . . Parts Scanalyzed . | . . . . Part Schematics Acquired . | . . . . Parts Damaged . | . . . . Bothacking | -11 -10 -10 -7 ------------ Run | Yrd Mat Sub Scr Used RIF Installer . | . . . . Robots Hacked . | . . . . Non-combat . | . . . . Combat . | . . . . Robot Hacks Applied . | . . . . Relay Couplers Released . | . . . . Fabnet Peak Effective % . | . . . . Robots Rewired . | . . . . Allies Hacked . | . . . . Hacks Repelled . | . . . . Allies | -11 -10 -10 -7 -------- Run | Yrd Mat Sub Scr Total Allies . | . . . . Largest Group . | . . . . Highest-Rated Group . | . . . . Highest-Rated Ally . | . . . . Total Orders . | . . . . Ally Attacks . | . . . . Total Damage . | . . . . Kills . | . . . . Allies Corrupted . | . . . . Allies Melted 3 | . . . 3 Intel | -11 -10 -10 -7 ------- Run | Yrd Mat Sub Scr Active Infowar (turns) 1995 | 68 148 239 1540 Seismic 1995 | 68 148 239 1540 Robot Analysis Total . | . . . . Derelict Logs Recovered . | . . . . Drone Launches . | . . . . Drone Recoveries . | . . . . Exploration | -11 -10 -10 -7 ------------- Run | Yrd Mat Sub Scr Turns Passed 2073 | 146 148 239 1540 Spaces Moved 2126 | 65 73 133 1855 Core 2 | 2 . . . Treads 873 | 63 73 133 604 Legs 116 | . . . 116 Wheels . | . . . . Hover . | . . . . Flight 1135 | . . . 1135 Fastest Speed 34 | 50 160 160 34 Average Speed 90 | 156 160 160 80 Slowest Speed 200 | 160 160 160 200 Overloaded Moves . | . . . . Propulsion Burnouts . | . . . . Robots Hopped 2 | . . . 2 Potential Cave-ins . | . . . . Cave-ins Triggered . | . . . . Exploration Rate (%) 32 | 5 12 18 93 Regions Visited 3 Branch Regions 2 Pre-discovered Areas . | . . . . Known Exits Taken . | . . . . Unknown Exits Taken 3 | 1 1 1 . Scrap Searched 7 | . . . 7 Spaces Dug . | . . . . Terrain Destroyed . | . . . . Melee . | . . . . Projectile . | . . . . AOE . | . . . . Terrain Rammed . | . . . . Walls Destroyed . | . . . . Machines Disabled . | . . . . Actions | -11 -10 -10 -7 --------- Run | Yrd Mat Sub Scr Total 2243 | 86 98 159 1900 Wait 48 | . 21 27 . Move 2120 | 64 72 132 1852 Hop 1 | . . . 1 Pick Up 18 | 4 1 . 13 Fast Attach 12 | 6 . . 6 Attach 3 | . 1 . 2 Detach 2 | . . . 2 Swap 6 | 1 . . 5 Drop 14 | . . . 14 Fire 17 | 11 3 . 3 Melee 2 | . . . 2 Ram . | . . . . Kick . | . . . . Crush . | . . . . Escape Stasis . | . . . . Rewire . | . . . . Trap . | . . . . Miscellaneous . | . . . . Route ------- -11/Scrapyard -10/Materials -10/Subcaves -7/Scraptown (discovered 2 exits: [*Fac x2]) History --------- Turn | Location | Event 31 | -11/Scrapyard | Discovered new exit (range 16) 147 | -11/Scrapyard | Entered Materials 148 | -10/Materials | Met a group of wandering Federalists 228 | -10/Materials | Lost 4 allies 274 | -10/Materials | Discovered new exit (range 8) 295 | -10/Materials | Entered Subcaves 296 | -10/Subcaves | Continued accompanying wandering Federalists (1) 318 | -10/Subcaves | Build established: Mutant 360 | -10/Subcaves | A swath of the cavern ceiling suddenly collapsed 522 | -10/Subcaves | Wandering Federalist uncovered a shortcut to Scraptown 534 | -10/Subcaves | Entered Scraptown 986 | -7/Scraptown | Discovered new exit (range 5) 1169 | -7/Scraptown | Heard Great Nut preacher, LISTEN AND RECITE! 1202 | -7/Scraptown | Visited CPS Storage 1225 | -7/Scraptown | Visited TADAMA 1262 | -7/Scraptown | Visited The Evicted 1324 | -7/Scraptown | Visited Bundlers 1408 | -7/Scraptown | Visited Fellowship of the Rings 1419 | -7/Scraptown | Visited Symbiants 1488 | -7/Scraptown | Visited Scrapoid Research Area 1496 | -7/Scraptown | Visited UFD Registry 1496 | -7/Scraptown | Registered with UFD as "Metalcore" 1510 | -7/Scraptown | Visited LU-1G1's Boring Crew 1526 | -7/Scraptown | Visited Science Testing Area 1533 | -7/Scraptown | Visited Chapter 10 1597 | -7/Scraptown | Visited Botcube Research 1608 | -7/Scraptown | Visited Scrap Suit Storage 1620 | -7/Scraptown | Visited Derelict Rescue Squad 1633 | -7/Scraptown | Visited Cartography Club 1645 | -7/Scraptown | Discovered new exit (range 3) 1672 | -7/Scraptown | Visited Sword Containment 1676 | -7/Scraptown | Found Prototype Slashing Weapon 1715 | -7/Scraptown | Visited Science Guys 1728 | -7/Scraptown | Visited A0-MCA Data Center 1731 | -7/Scraptown | Given a B rating by A0-MCA 1735 | -7/Scraptown | Found A0-MCA's Component Scanner 1759 | -7/Scraptown | Met Optimus 1759 | -7/Scraptown | Accepted into 0bPrime 1783 | -7/Scraptown | Civil war broke out across Scraptown 1783 | -7/Scraptown | Identified Companion Sword 1863 | -7/Scraptown | Lost 4 allies 1909 | -7/Scraptown | Optimus destroyed in the chaos of civil war 2070 | -7/Scraptown | Core integrity fell below 50% 2073 | -7/Scraptown | Core integrity fell below 20% 2074 | -7/Scraptown | Destroyed by BP-2SU(j) with Overtuned Pulse Rifle Last Messages --------------- 02068_ HP-JGH(g) destroyed. 02070_ Critical hit (Burn: +50). 02070_ Ion Engine destroyed. 02070_ 5M-EVR(j) overheating. 02071_ 5M-EVR(j) heat spikes uncontrollably. 02071_ PD-HAH(g) switches sides: "Sorry everyone but I think they're right!" 02071_ 5M-EVR(j) overheating. 02071_ PD-HAH(g) suffers critical hit (Burn). 02071_ PD-HAH(g) destroyed. 02071_ Aluminum Leg destroyed. 02071_ Critical hit (Burn: +50). 02072_ 5M-EVR(j) heat damages Ovr. Titanium Leg, Broken Mak. Microdissipator Network. 02072_ MH-UAT(j) cannibalizes Aluminum Leg to repair Ovr. Titanium Leg. 02072_ 5M-EVR(j) overheating. 02072_ T9-3YW(j) destroyed. 02073_ Acquired Carbon-fiber Leg. 02073_ 5M-EVR(j) overheating. [Achievement: This Is Interesting...] Map ----- +----------------------------------------------------+ | """#??????# " """#??????#""" """#???#"" " | | || #??????#""" " #??????#""" """#???#& | | """#??????#""" #??????#"!" """#???#&" "" | | || #??????#""" ""#??????#""" """"#???#&" "" | | """#??????# " "#??????#""" ="""#???#" | | || #??????# "#??????# "#???# | | ????????# #??????######## ##???###### ## | | ################## ####???????##### ########### ## | | #???????#"""" """"""""""" "" | | #???????#" | | #???????#" | | #???????#" * | | #???????#" % | | ############# #??????##" [ = | | ############# #????"""" """"""""""""" | | " """# ## #????"""" """"""""""""" | | "%"# ! ## #????"""" ""###### ### | | [ ! ![[ ## #???#"""" ""# | | == #[= [!## #???#"""" ""# | | ######## ###?#"""" ""# "" "" | | !""## ""#"#"""" ""# ""! "" | | "= [/%"## """"#"""" ""# "*[= " | | % ""## ""#######" ""!% !!="" | | % = ## ###?????#" % ""[!%%!!""! | | "= ""## #########"!%! ""#=%"%=!*! " | | !%"##= j!@ % *!""#=[/"=!=="" | | |""##% *%!= ! !=[""%*%[""!!*" | | ##! [% !%! % !=!"%%!=%!!!%%! | | ## jj !*=[ != %!#!!!*[*!== | | ###########! [% TT !% !%E% !*""###### ### | | %= !!%TT! !![[=*! [*""""""""""""" | | ! =%! !%* E*!""" """"""""" | | %!! ! %[%! % [ | | !!%[ =E/= =% | | !% *%! ! [!= *!! | | ! ! == #""""#" [|% !%=!!=[* | | = [! #????#" **=!= =%!*%!* | | % jj #????#"""" !%! """""[ !% | | ######## ##########!! #;##????###### [ ##########! | | #?# #? *%=##????????# #?# [% | | "#?# #?# =#?????????# # # #?# ! | | ""#?# #?# #?????????# # # #?# | | ""#?# #?# #?????????# # # #?# | | ""#?# #?# #?????????# ####### #?# | | ""#?# #?# #?????????# #?# | | ""#?# #?# #?????????# # """ # #?# | | """"#?# #?# #?????????# # "#" # #?# | | """"#?# #?# #?????????# # """ # #?###### | | #####?###########?# #?????????# # # #??????? | | ??????????????????# #?????????###########??????? | +----------------------------------------------------+ Best States ------------- Heat Dissipation 25 Energy Generation 10 Energy Capacity 250 Matter Stores 300 Matter Capacity 300 Sight Range 16 Terrain Scan Density 10 Evasion (%) 63 Recoil Reduction 2 Item Schematics ----------------- None Robot Schematics ------------------ None Fabricated ------------ Nothing Repaired ---------- Nothing Studied --------- None Alien Tech Used ----------------- None Achievements -------------- This Is Interesting... Challenges ------------ None Game ------ Seed ThermicCoordinationTerrabomb Manual? 0 Play Time 00:27:49 Cumulative 45.8 hours Start 2025.11.14 @ 02:00:45 End 2025.11.14 @ 02:26:09 Sessions 1 Manual Loads 0 Difficulty Rogue Special Mode None Game No. 73 Rogue 73 Adventurer 0 Explorer 0 Win Type - Total 0 Types 0/0/0/0/0/0/0/0/0/0 Lore% 29 Gallery% 34 Achievement% 26 Wizard Run 0 Options --------- Layout 0 ASCII 1 Keyboard 1 Movement Numpad Keybinds 0 Fullscreen 1 Font 18/VGA_Max Map View 76x50 Zoom Use 0% Tactical HUD 1 Map Filters NONE Filters NONE Steam 1 RUN: 1b4b7971-41dd-4ce0-9e67-86e5340e0795